 Dungeon Crawl Stone Soup version 0.23.0 (webtiles) character file.

Game seed: 625953581789410631

8351 Trogdor the Cleaver (level 11, -19/82 HPs)
             Began as a Minotaur Fighter on Feb 24, 2019.
             Was a Follower of Uskayaw.
             Killed from afar by a blizzard demon (38 damage)
             ... with a bolt of lightning
             ... in a Gauntlet.
             The game lasted 01:47:25 (10998 turns).

Trogdor the Cleaver (Minotaur Fighter)             Turns: 10998, Time: 01:47:25

Health: -19/82     AC: 10    Str: 23    XL:     11   Next: 8%
Magic:  9/14       EV: 10    Int:  7    God:    Uskayaw [*.....]
Gold:   582        SH:  4    Dex: 11    Spells: 10/10 levels left

rFire    . . .     SeeInvis .   M - +1 battleaxe (flame)
rCold    + . .     Gourm    .   (shield currently unavailable)
rNeg     . . .     Faith    .   q - +2 ring mail {rC+}
rPois    +         Spirit   .   (helmet restricted)
rElec    .         Reflect  +   w - +0 cloak
rCorr    .         Harm     .   l - +0 pair of gloves
MR       .....     NoTele   +   (no boots)
Stlth    +.........             C - +4 amulet of reflection
HPRegen  0.23/turn              z - ring of poison resistance
MPRegen  0.14/turn              (no ring)

@: very slightly contaminated
A: retaliatory headbutt, horns 2, clever 1, sense surroundings 1
a: Stomp, Renounce Religion


You were in a Gauntlet.
You worshipped Uskayaw.
Uskayaw was noncommittal.
You were hungry.

You visited 3 branches of the dungeon, and saw 12 of its levels.
You also visited: Gauntlet.

You collected 582 gold pieces.

Inventory:

Hand Weapons
 a - a +0 war axe
 A - the +4 trident of Trial by Ordeal {drain, rElec MR- Dex+6 SInv}
   (You found it on level 5 of the Dungeon)

   A truly terrible weapon, it drains the life of those it strikes.
   It affects your dexterity (+6).
   It insulates you from electricity.
   It affects your resistance to hostile enchantments.
   It lets you see invisible.
 J - the +2 rapier "Saib Utz" {pierce, rElec rC+}
   (You found it on level 9 of the Dungeon)

   It inflicts extra damage upon your enemies.
   It protects you from cold.
   It insulates you from electricity.
 M - a +1 battleaxe of flaming (weapon)
Missiles
 i - a throwing net (quivered)
Armour
 b - a +0 scale mail
 c - a +0 troll leather armour
 e - a +0 ring mail
 l - a +0 pair of gloves (worn)
 p - a +0 leather armour
 q - a +2 ring mail of cold resistance (worn)
 t - a scarf of repulsion
 w - a +0 cloak (worn)
 E - a +2 shield
 L - a +1 pair of gloves of archery
 O - a +0 plate armour
 R - the +1 hat "Hafulon" {rF- rC++ Slay+3 SInv, unknown}
   (You found it in a Gauntlet)

   It affects your accuracy and damage with ranged weapons and melee attacks
   (+3).
   It makes you vulnerable to fire.
   It greatly protects you from cold.
   It lets you see invisible.
Jewellery
 z - a ring of poison resistance (left hand)
 C - a +4 amulet of reflection (around neck)
 I - an uncursed amulet of harm
Wands
 n - a wand of paralysis (4)
 x - a wand of iceblast (19)
 H - a wand of random effects (20)
 Q - a wand of enslavement (8)
Scrolls
 g - 3 scrolls of blinking
 h - 3 scrolls of magic mapping
 j - a scroll of noise {unknown}
 o - 2 scrolls of teleportation
 s - 3 scrolls of identify
 v - a scroll of remove curse
 y - a scroll of immolation
 B - a scroll of fog {unknown}
 F - a scroll of holy word {unknown}
 G - a scroll of enchant weapon {unknown}
 K - a scroll of fear {unknown}
Potions
 d - 2 potions of haste
 m - 4 potions of curing
 r - a potion of heal wounds
 u - a potion of brilliance
 D - a potion of magic
 N - a potion of ambrosia {unknown}
 P - a potion of flight {unknown}
Miscellaneous
 k - a box of beasts
Comestibles
 f - 27 rations


   Skills:
 - Level 3.6 Fighting
 + Level 14.8 Axes
 - Level 3.6 Armour
 + Level 11.5 Shields
 * Level 6.4 Invocations


You had 10 spell levels left.
You didn't know any spells.
Your spell library contained the following spells:

 Spells                   Type           Power        Failure   Level  Hunger
 Animate Skeleton         Necr           N/A          58%         1    ##.....
 Apportation              Tloc           #.....       58%         1    ##.....
 Confusing Touch          Hex            #.....       58%         1    ##.....
 Summon Small Mammal      Summ           #...         58%         1    ##.....


Dungeon Overview and Level Annotations

Branches:
Dungeon (10/15)            Temple (1/1) D:4            Lair (1/6) D:10
    Orc: D:9-12

Altars:
Ashenzari
Cheibriados
Dithmenos
Elyvilon
Fedhas
Gozag
Hepliaklqana
Kikubaaqudgha
Makhleb
Nemelex Xobeh
Okawaru
Qazlal
Ru
Sif Muna
Trog
Uskayaw
Vehumet
Wu Jian
Xom
Yredelemnul
Zin
The Shining One
Beogh

Shops:
D:4 (

Annotations:
Gauntlet 11 transporters, 2 runed translucent doors


Innate Abilities, Weirdness & Mutations

You reflexively headbutt those who attack you in melee.
You have a pair of horns on your head.
Your mind is acute. (Int +2)
You passively map a small area around you.


Message History

The air twists around and strikes you!
* * * LOW HITPOINT WARNING * * *
You feel much better.
The hell hound stops to sniff the ground.
The blizzard demon gestures at you. The bolt of lightning hits you!!
* * * LOW HITPOINT WARNING * * *
Okay, then.
Blink to where?
Press: ? - help, Dir - move target cursor You are very lightly contaminated with residual magic.
As you read the scroll of blinking, it crumbles to dust.
You see here a pair of embroidered gloves.
L - a pair of embroidered gloves
There is a transporter here.
You see here a transparent hat.
R - a transparent hat The blizzard demon gestures at you.
The bolt of lightning hits you!!!
You die...

##.8....§8.....8......©
#≈.......©.......######
##...#########...#..§≈.
#≈...#.......#...#h≈§.≈
##...#.#####.#...#2§.≈§
#≈...#.+...'.#...#§.§§§
##.8.#.#.©.#.#.8.#≈..≈©
#≈...#.#≈≈≈#.#...#.≈.≈≈
##...#@#####.#...#.≈§..
#≈...#...©2!.#...#.≈...
##...#########...#..≈[©
#≈.....#.©.#.....######
##.8...#.8.#...8....#.©
##......#.©.#........#..
#≈...###########.....#.©
##...#.W.W.W.W.#...#####
#≈...#.#.....#.#...#..##


You could see a blizzard demon and 4 shadows.

Vanquished Creatures
  Snorg (D:10)
  The ghost of jgonzale2218 the Chopper, a novice HOWn of Makhleb (D:5)
  A komodo dragon (D:10)
  A centaur skeleton (D:10)
  An ice devil (Gauntlet)
  A troll (D:9)
  2 hippogriffs
  A spriggan (D:7)
  Eustachio (D:4)
  A hungry ghost (D:7)
  3 water moccasins
  2 ice beasts (D:10)
  7 orc warriors
  2 necrophages
  9 ogres
  A phantom (D:9)
  3 centaurs
  A crocodile (D:7)
  A big kobold (D:7)
  A wyvern zombie (D:7)
  6 bullfrogs
  A wyvern skeleton (D:10)
  5 scorpions
  5 killer bees (D:10)
  2 howler monkeys
  4 crimson imps
  A centaur zombie (D:7)
  2 bullfrog zombies
  6 hounds
  6 orc priests
  A jelly (D:6)
  13 orc wizards
  4 iguanas
  Natasha (thrice) (D:2)
  14 worker ants
  A killer bee zombie (D:5)
  4 worker ant zombies
  7 gnolls
  13 adders
  An ooze (D:4)
  An adder skeleton (D:5)
  2 adder zombies
  6 worms
  A dart slug (D:4)
  9 leopard geckos
  53 orcs
  7 bats
  5 giant cockroaches
  10 goblins
  5 hobgoblins
  5 jackals (D:2)
  5 quokkas
  A frilled lizard (D:4)
  A jackal zombie (D:6)
  15 kobolds
  A quokka skeleton (D:5)
  A quokka zombie (D:7)
  5 rats
273 creatures vanquished.

Vanquished Creatures (others)
  2 fungi (Gauntlet)
  3 plants
5 creatures vanquished.

Grand Total: 278 creatures vanquished

Notes
Turn   | Place    | Note
-------+----------+-------------------------------------------
     0 | D:1      | Trogdor the Minotaur Fighter began the quest for the Orb.
     0 | D:1      | Reached XP level 1. HP: 19/19 MP: 0/0
   227 | D:1      | Reached XP level 2. HP: 24/26 MP: 1/1
   695 | D:2      | Noticed Natasha
   722 | D:2      | Killed Natasha
   722 | D:2      | Reached skill level 3 in Axes
   722 | D:2      | Reached XP level 3. HP: 22/31 MP: 2/2
   880 | D:2      | Reached skill level 5 in Shields
  1002 | D:2      | Noticed Natasha
  1011 | D:2      | Killed Natasha
  1011 | D:2      | Reached XP level 4. HP: 21/39 MP: 3/3
  1072 | D:2      | Noticed Natasha
  1088 | D:2      | Killed Natasha
  1088 | D:2      | Reached skill level 4 in Axes
  1575 | D:2      | Reached XP level 5. HP: 41/45 MP: 4/4
  1966 | D:2      | Reached skill level 5 in Axes
  2433 | D:3      | You fall through a shaft for 2 floors!
  2433 | D:5      | Entered Level 5 of the Dungeon
  2435 | D:5      | Reached XP level 6. HP: 51/51 MP: 5/5
  2438 | D:5      | Reached skill level 6 in Axes
  2720 | D:4      | Noticed Eustachio
  2838 | D:3      | Reached skill level 7 in Axes
  2920 | D:3      | Reached XP level 7. HP: 57/57 MP: 6/6
  3552 | D:4      | Found a staircase to the Ecumenical Temple.
  3560 | Temple   | Entered the Ecumenical Temple
  3656 | Temple   | Became a worshipper of Uskayaw the Reveler
  3786 | D:4      | Reached * piety under Uskayaw
  3941 | D:4      | Reached ** piety under Uskayaw
  3952 | D:4      | Killed Eustachio
  3952 | D:4      | Reached skill level 8 in Axes
  4107 | D:4      | Reached *** piety under Uskayaw
  4108 | D:4      | Reached **** piety under Uskayaw
  4302 | D:4      | Found Cerphun's Antique Weapon Emporium.
  4499 | D:4      | Found a sparkling altar of Nemelex Xobeh.
  4550 | D:5      | Reached skill level 9 in Axes
  4665 | D:5      | Reached XP level 8. HP: 57/64 MP: 7/7
  4682 | D:5      | Found a transporter.
  4701 | D:5      | Reached skill level 1 in Invocations
  4718 | D:5      | Reached skill level 10 in Axes
  4718 | D:5      | Reached ***** piety under Uskayaw
  5014 | D:5      | Found a transporter.
  5014 | D:5      | Noticed jgonzale2218's ghost (novice HOWn)
  5081 | D:5      | Found an iron altar of Okawaru.
  5328 | D:5      | Got a transparent trident
  5329 | D:5      | Identified the +4 trident of Trial by Ordeal {drain, rElec
                  | MR- Dex+6 SInv} (You found it on level 5 of the Dungeon)
  5457 | D:5      | Killed jgonzale2218's ghost
  5457 | D:5      | Reached skill level 11 in Axes
  5457 | D:5      | Reached XP level 9. HP: 16/70 MP: 10/10
  6472 | D:6      | Reached skill level 12 in Axes
  7108 | D:7      | Reached skill level 13 in Axes
  7308 | D:7      | Reached XP level 10. HP: 65/77 MP: 12/12
  7952 | D:8      | Reached skill level 5 in Invocations
  8097 | D:8      | Found a bloodstained altar of Trog.
  8170 | D:9      | Gained mutation: You passively map a small area around you.
                  | [potion of mutation]
  8170 | D:9      | Gained mutation: Your mind is acute. (Int +2) [potion of
                  | mutation]
  8336 | D:9      | Reached skill level 10 in Shields
  8699 | D:9      | Got a crude rapier
  8700 | D:9      | Identified the +2 rapier "Saib Utz" {pierce, rElec rC+}
                  | (You found it on level 9 of the Dungeon)
  9176 | D:9      | Reached skill level 14 in Axes
  9658 | D:10     | Entered Level 10 of the Dungeon
 10000 | D:10     | Found a roughly hewn altar of Beogh.
 10162 | D:10     | Noticed Snorg
 10167 | D:10     | Killed Snorg
 10167 | D:10     | Reached XP level 11. HP: 68/82 MP: 10/14
 10399 | D:10     | Found a staircase to the Lair.
 10694 | Lair:1   | Entered Level 1 of the Lair of Beasts
 10701 | Lair:1   | Found a gate leading to a gauntlet.
 10711 | Gauntlet | Entered a Gauntlet
 10711 | Gauntlet | Found a transporter.
 10713 | Gauntlet | Found a runed translucent door.
 10715 | Gauntlet | Found a transporter.
 10716 | Gauntlet | Found a transporter.
 10717 | Gauntlet | Noticed a hell beast
 10717 | Gauntlet | Found a transporter.
 10720 | Gauntlet | Found a runed translucent door.
 10720 | Gauntlet | Found a transporter.
 10723 | Gauntlet | Noticed a hell hog
 10727 | Gauntlet | Found a transporter.
 10729 | Gauntlet | Found a transporter.
 10736 | Gauntlet | Found a transporter.
 10758 | Gauntlet | Noticed a blizzard demon
 10796 | Gauntlet | Found a transporter.
 10801 | Gauntlet | Found a transporter.
 10801 | Gauntlet | Found a transporter.
 10810 | Gauntlet | Noticed a fire crab
 10811 | Gauntlet | Found a transporter.
 10840 | Gauntlet | Found a runed translucent door.
 10996 | Gauntlet | Got a transparent hat
 10998 | Gauntlet | Killed from afar by a blizzard demon

Skill      XL: |  1  2  3  4  5  6  7  8  9 10 |
---------------+-------------------------------+-----
Shields        | 4 5 6 7 8 9 11 | 11.5
Axes           | 3 4 5 7 9 11 13 14 | 14.8
Invocations    | 3 4 6 |  6.4
Fighting       | |  3.6
Armour         | |  3.6

Action                   |  1- 3 |  4- 6 |  7- 9 | 10-12 || total
-------------------------+-------+-------+-------+-------++-------
Melee: War axe           |    57 |   154 |   337 |   257 ||   805
       Headbutt          |     5 |    34 |    71 |    44 ||   154
       Battleaxe         |       |       |       |     4 ||     4
Throw: Throwing net      |     1 |       |       |       ||     1
Invok: Line Pass         |       |       |     4 |     8 ||    12
       Stomp             |       |       |     3 |    10 ||    13
  Use: Potion            |       |     2 |     6 |     3 ||    11
       Scroll            |       |     2 |     6 |     7 ||    15
 Stab: Paralysed         |       |       |    11 |    11 ||    22
       Invisible         |       |       |     7 |       ||     7
       Confused          |       |       |     1 |     2 ||     3
  Eat: Chunk             |       |     7 |    16 |    15 ||    38
Armor: Ring mail         |    18 |    45 |    87 |    45 ||   195
Dodge: Dodged            |    18 |    47 |    92 |    55 ||   212
       Deflected         |       |       |     2 |       ||     2
Block: Shield            |    36 |    76 |   160 |   156 ||   428
       Reflection        |       |       |       |     1 ||     1
